 Dungeon Crawl Stone Soup version 0.30-a0-373-gd37427bb62 (webtiles) character file.

Game seed: 14829363116344887319

1 funkygono the Firebug (level 1, 0/13 HPs)
             Began as a Demonspawn Fire Elementalist on Nov 23, 2022.
             Slain by a jackal (1 damage)
             ... on level 1 of the Dungeon.
             The game lasted 00:00:15 (24 turns).

funkygono the Firebug (Demonspawn Fire Elementalist)  Turns: 24, Time: 00:00:15

Health: 0/13       AC:  2    Str:  8    XL:     1   Next: 16%
Magic:  0/3        EV: 12    Int: 16    God:
Gold:   0          SH:  0    Dex: 13    Spells: 3/4 levels left

rFire   . . .      SeeInvis .    (no weapon)
rCold   . . .      Faith    .    (no shield)
rNeg    . . .      Spirit   .    a - +0 robe
rPois   .          Reflect  .    (no helmet)
rElec   .          Harm     .    (no cloak)
rCorr   .          Rampage  .    (no gloves)
Will    .....                    (no boots)
Stlth   ++........               (no amulet)
HPRegen 0.22/turn                (no ring)
MPRegen 0.08/turn                (no ring)

@: no status effects
A: no striking features
a: no special abilities


You were on level 1 of the Dungeon.
You visited 1 branch of the dungeon, and saw 1 of its levels.

Inventory:

Armour
 a - a +0 robe (worn)
Potions
 b - a potion of magic
 c - a potion of brilliance {unknown}


   Skills:
 + Level 1.7 Dodging
 - Level 1.7 Stealth
 + Level 2.0 Spellcasting
 + Level 1.0 Conjurations
 + Level 2.7 Fire Magic


You had 3 spell levels left.
You knew the following spells:

 Your Spells              Type           Power      Damage    Failure   Level
a - Foxfire               Conj/Fire      28%        2x1d5     10%         1

Your spell library contained the following spells:

 Spells                   Type           Power      Damage    Failure   Level
 Scorch                   Fire           20%        2d6       10%         2
 Inner Flame              Hex/Fire       6%         N/A       34%         3
 Kindle Blastsparks       Fire/Tloc/Air  8%         2d10      38%         3
 Flame Wave               Conj/Fire      7%         2d5       67%         4


Dungeon Overview and Level Annotations

Branches:
Dungeon (1/15)

Altars:


Message History

The foxfire hits the jackal.
The jackal is heavily wounded.
The foxfire hits the jackal.
The jackal is severely wounded.
A jackal comes into view.
An endoplasm comes into view.
Unknown command.
Casting: Foxfire (safe; 10% risk of failure)
Confirm with . or Enter, or press ? or * to list all spells.
You conjure some foxfire!
The foxfire hits the jackal.
The jackal is almost dead.
Unknown command.
The foxfire hits the jackal.
You kill the jackal!
Found a hand axe.
The jackal attacks as you move away! The jackal barely misses you.
The jackal bites you but does no damage.
Casting: Foxfire (safe; 10% risk of failure)
Confirm with . or Enter, or press ? or * to list all spells.
You conjure some foxfire!
The foxfire hits the jackal.
The jackal is lightly wounded.
The jackal barely misses you. x2
Unknown command.
The jackal attacks as you move away! The jackal barely misses you.
The foxfire hits the jackal.
The jackal is almost dead.
The jackal bites you. The jackal attacks as you move away!
The jackal bites you but does no damage.
The jackal attacks as you move away! The jackal bites you.
The jackal attacks as you move away!
The jackal bites you but does no damage.
The endoplasm freezes you.
You are frozen.
The jackal attacks as you move away! The jackal barely misses you.
The jackal attacks as you move away! The jackal bites you. x2
The jackal barely misses you. The endoplasm hits you.
* * * LOW HITPOINT WARNING * * *
The jackal attacks as you move away! The jackal barely misses you.
The jackal attacks as you move away! The jackal bites you.
You die...

#.. ..# # # #.# #.#
##.. #. #.#
#.###...#
...#####.###.#...###
#...................
..........##........
.......h..##.....?.)
...##..hJh.......##.
...##.?.@........##
........†...........
....................
##.........<........
#........>.........
....................
...(...............
h..##............##
.. #............#


You could see an endoplasm and 3 jackals.

Vanquished Creatures
  A jackal (D:1)
1 creature vanquished.

Vanquished Creatures (others)
  6 foxfires (D:1)
6 creatures vanquished.

Grand Total: 7 creatures vanquished

Notes
Turn   | Place    | Note
-------+----------+-------------------------------------------
     0 | D:1      | funkygono the Demonspawn Fire Elementalist began the quest
                  | for the Orb.
     0 | D:1      | Reached XP level 1. HP: 13/13 MP: 3/3
    24 | D:1      | Slain by a jackal

Illustrated notes

Levels and vault maps discovered:
D:1:      dpeg_arrival_stonehenge_8_columns, layout_loops_ring, serial_shops,
          nicolae_diamond_shop

Action                   || total
-------------------------++-------
 Cast: Foxfire           ||     4
Armor: Robe              ||     3
Dodge: Dodged            ||     7

Table legend: (Time is in decaauts)
 A = Elapsed time spent in this place.
 B = Non-inter-level travel time spent in this place.
 C = Inter-level travel time spent in this place.
 D = Time resting spent in this place.
 E = Time spent auto-exploring this place.
 F = Levels seen in this place.
 G = Mean time per level.
                   A        B        C        D        E       F      G
               +--------+--------+--------+--------+--------+-----+--------+
         Total |     24 |     24 |      0 |      0 |      2 |   1 |   24.0 |
       Dungeon |     24 |     24 |      0 |      0 |      2 |   1 |   24.0 |
               +--------+--------+--------+--------+--------+-----+--------+

Top non-repeatable levels by time:
     D:1: 24 daAuts
